 Dungeon Crawl Stone Soup version 0.29-a0-1052-g6990b1bffc (webtiles) character file.

Game seed: 3846861602569762976

2157 Thoth777 the Ruffian (level 9, -3/102 HPs)
             Began as a Gnoll Transmuter on Aug 18, 2022.
             Was a Believer of Wu Jian.
             Slain by a wolf (6 damage)
             ... led by Grum
             ... on level 8 of the Dungeon.
             The game lasted 00:54:53 (5510 turns).

Thoth777 the Ruffian (Gnoll Transmuter)             Turns: 5510, Time: 00:54:56

Health: -3/102     AC: 24    Str: 13    XL:     9   Next: 31%
Magic:  0/19       EV:  2    Int: 14    God:    Wu Jian [**....]
Gold:   162        SH:  5    Dex: 18    Spells: 20/21 levels left

rFire   + . .      SeeInvis .   d - +3 hand axe (vamp)
rCold   . . .      Faith    .   I - +0 buckler
rNeg    . . .      Spirit   +   (body armour currently unavailable)
rPois   +          Reflect  .   (helmet currently unavailable)
rElec   .          Harm     .   (cloak currently unavailable)
rCorr   .          Rampage  .   (gloves currently unavailable)
Will    .....      NoTele   +   (boots currently unavailable)
Stlth   ++........              X - amulet of guardian spirit
HPRegen 0.27/turn               k - +6 ring of dexterity
MPRegen 0.16/turn               Q - ring of protection from fire

@: mighty, tree-form, silenced
A: stationary, stasis, torment immunity, boosted hp, (fangs 1), strong nose,
distributed training
a: Renounce Religion, Wall Jump


You were on level 8 of the Dungeon.
You worshipped Wu Jian.
Wu Jian was pleased with you.
You were a tree.
You visited 1 branch of the dungeon, and saw 7 of its levels.

You collected 302 gold pieces.
You spent 140 gold pieces at shops.

Inventory:

Hand Weapons
 d - a +3 vampiric hand axe (weapon)
 i - a +1 falchion
 L - a +1 long sword of flaming
 M - a +3 spear of venom
Missiles
 z - 63 stones
 F - 3 atropa-tipped darts
 K - 3 boomerangs
 U - a throwing net
Armour
 a - a +0 robe
 f - a +0 leather armour
 g - a +1 pair of gloves (melded)
 j - a +0 robe
 x - a +0 leather armour
 A - a +0 ring mail
 I - a +0 buckler (worn)
 N - a +0 helmet
 P - a +2 robe of willpower
 W - a +0 leather armour
 Y - the +5 chain mail of Distant Shores (melded) {-Tele rC++}
   (You found it on level 6 of the Dungeon)

   rC:        It greatly protects you from cold.
   -Tele:     It prevents most forms of teleportation.
Jewellery
 h - a ring of magical power
 k - a +6 ring of dexterity (left branch)
 Q - a ring of protection from fire (right branch)
 X - an amulet of guardian spirit (around neck)
Scrolls
 m - 2 scrolls of immolation
 B - a scroll of vulnerability
 D - 3 scrolls of teleportation
 H - a scroll of blinking
Potions
 b - 4 potions of lignification
 c - a potion of brilliance {unknown}
 e - 2 potions of haste {unknown}
 l - a potion of magic {unknown}
 p - a potion of might
 E - a potion of mutation {unknown}
 J - 2 potions of curing {unknown}
 Z - a potion of invisibility


   Skills:
 + Level 5.1 Fighting
 + Level 4.3 Short Blades
 + Level 4.3 Long Blades
 + Level 4.3 Axes
 + Level 4.3 Maces & Flails
 + Level 4.3 Polearms
 + Level 4.3 Staves
 + Level 4.3 Ranged Weapons
 + Level 4.3 Throwing
 + Level 4.3 Armour
 + Level 6.3 Dodging
 + Level 4.3 Stealth
 + Level 4.3 Shields
 + Level 7.9 Unarmed Combat
 + Level 6.6 Spellcasting
 + Level 3.5 Conjurations
 + Level 3.5 Hexes
 + Level 3.5 Summonings
 + Level 3.5 Necromancy
 + Level 3.5 Translocations
 + Level 5.2 Transmutations
 + Level 3.5 Fire Magic
 + Level 3.5 Ice Magic
 + Level 3.5 Air Magic
 + Level 3.5 Earth Magic
 + Level 3.5 Poison Magic
 + Level 4.7 Invocations
 + Level 4.3 Evocations


You had 20 spell levels left.
You knew the following spells:

 Your Spells              Type           Power      Damage    Failure   Level
a - Beastly Appendage     Tmut           38%        N/A       2%          1

Your spell library contained the following spells:

 Spells                   Type           Power      Damage    Failure   Level
 Wereblood                Tmut           19%        N/A       3%          2
 Spider Form              Tmut/Pois      17%        N/A       10%         3
 Ice Form                 Ice/Tmut       17%        N/A       30%         4


Dungeon Overview and Level Annotations

Branches:
Dungeon (8/15)             Temple (0/1) D:7
   Lair: D:8-11

Altars:
Wu Jian

Shops:
D:6 **

Annotations:
D:6 exclusion: oklob plant
D:8 Grum


Innate Abilities, Weirdness & Mutations

You are a tree.
Your roots penetrate the ground, keeping you stationary.
You cannot be teleported.
You are immune to unholy pain and torment.
Your maximum health is greatly increased.
Your equipment is partially melded.
((You have very sharp teeth.))
Your uncanny sense of smell can sniff out nearby items.
Your experience applies equally to all skills.


Message History

Really quaff the potion of lignification?
Uppercase [Y]es or [N]o only, please.
Really quaff the potion of lignification?
You turn into a tree.
Your +1 pair of gloves melds into your body.
The +5 chain mail of Distant Shores {-Tele rC++} melds into your body.
Your roots penetrate the ground.
You block the wolf's attack.
The wolf bites you but does no damage. x2; Grum hits you but does no damage.
The wolf bites you but does no damage. x2; The wolf bites you!
* * * LOW HITPOINT WARNING * * *
As you read the scroll labelled PAEKHA FAGUPT, it crumbles to dust.
It is a scroll of amnesia.
Really abort (and waste the scroll)?
Okay, then.
The wolf bites you but does no damage. You block the wolf's attack.
You block Grum's attack. The wolf completely misses you.
As you read the scroll labelled QAPEUG TEDU, it crumbles to dust.
A profound silence engulfs you.
It was a scroll of silence.
The wolf bites you but does no damage. x3
Grum hits you from afar with a +0 vorpal spear.
* * * LOW HITPOINT WARNING * * *
x2 The wolf completely misses you.
The wolf bites you. The wolf completely misses you.
Your magical contamination has completely faded away.
You hit the wolf.
You feel better.
The wolf is moderately wounded.
You hit the wolf but do no damage. You barely miss the wolf.
You block the wolf's attack.
The wolf bites you but does no damage. x2
Grum hits you from afar with a +0 vorpal spear.
* * * LOW HITPOINT WARNING * * *
x2 The wolf bites you but does no damage.
The wolf bites you!
* * * LOW HITPOINT WARNING * * *
The wolf bites you but does no damage.
It was a potion of might.
You feel very mighty all of a sudden.
The wolf bites you but does no damage. x3; Grum hits you but does no damage.
The wolf bites you.
* * * LOW HITPOINT WARNING * * *
The wolf bites you!
You die...

...................
........=..........
.>...........#
...... ...
##.......##......
..##........[.......
#.......#.........#
#.......#og....####
#.......#h.........
#.......♣hh...#....
#.....###h.#### ...
##....##....## #.
###.........#
#...<.##..#
###.......#
##.#...## ####.## ##


You could see Grum, 4 wolves and an orc.

Vanquished Creatures
  Sigmund (D:2)
  A wyvern (D:7)
  A steam dragon (D:6)
  2 water moccasins
  2 orc warriors (D:7)
  2 black bears (D:6)
  3 ogres (D:6)
  2 bullfrogs
  6 howler monkeys (D:7)
  3 jellies (D:6)
  A hound (D:4)
  An orc priest (D:7)
  A gnoll bouda (D:6)
  Jessica (D:3)
  4 orc wizards (D:7)
  Robin (D:3)
  7 gnolls (D:6)
  8 adders
  A white imp (D:7)
  An ufetubus (D:6)
  A worm (D:3)
  3 dart slugs
  10 orcs
  20 endoplasms
  4 giant cockroaches
  9 goblins
  8 hobgoblins
  2 jackals (D:1)
  2 quokkas
  5 ball pythons
  5 bats (D:1)
  7 frilled lizards
  5 kobolds
  3 rats
  A bush (D:6)
134 creatures vanquished.

Vanquished Creatures (others)
  12 fungi
12 creatures vanquished.

Grand Total: 146 creatures vanquished

Notes
Turn   | Place    | Note
-------+----------+-------------------------------------------
     0 | D:1      | Thoth777 the Gnoll Transmuter began the quest for the Orb.
     0 | D:1      | Reached XP level 1. HP: 17/17 MP: 6/6
   157 | D:1      | Reached XP level 2. HP: 19/23 MP: 5/7
   509 | D:1      | Reached skill level 5 in Spellcasting
   509 | D:1      | Reached XP level 3. HP: 27/28 MP: 7/9
   676 | D:2      | Reached skill level 1 in Invocations
   800 | D:2      | Reached skill level 1 in Short Blades
   800 | D:2      | Reached skill level 1 in Long Blades
   800 | D:2      | Reached skill level 1 in Axes
   800 | D:2      | Reached skill level 1 in Maces & Flails
   800 | D:2      | Reached skill level 1 in Polearms
   800 | D:2      | Reached skill level 1 in Staves
   800 | D:2      | Reached skill level 1 in Ranged Weapons
   800 | D:2      | Reached skill level 1 in Throwing
   800 | D:2      | Reached skill level 1 in Armour
   800 | D:2      | Reached skill level 1 in Stealth
   800 | D:2      | Reached skill level 1 in Shields
   800 | D:2      | Reached skill level 1 in Evocations
  1134 | D:2      | Noticed Sigmund
  1153 | D:2      | Killed Sigmund
  1154 | D:2      | Reached skill level 1 in Conjurations
  1154 | D:2      | Reached skill level 1 in Hexes
  1154 | D:2      | Reached skill level 1 in Summonings
  1154 | D:2      | Reached skill level 1 in Necromancy
  1154 | D:2      | Reached skill level 1 in Translocations
  1154 | D:2      | Reached skill level 1 in Fire Magic
  1154 | D:2      | Reached skill level 1 in Ice Magic
  1154 | D:2      | Reached skill level 1 in Air Magic
  1154 | D:2      | Reached skill level 1 in Earth Magic
  1154 | D:2      | Reached skill level 1 in Poison Magic
  1154 | D:2      | Reached XP level 4. HP: 19/35 MP: 11/11
  1154 | D:2      | Reached XP level 5. HP: 22/41 MP: 12/12
  1154 | D:2      | Reached XP level 6. HP: 26/47 MP: 13/13
  1616 | D:2      | Found a faded altar of an unknown god.
  1795 | D:3      | Noticed Robin
  1805 | D:3      | Killed Robin
  1840 | D:3      | Noticed Jessica
  1845 | D:3      | Killed Jessica
  1846 | D:3      | Reached skill level 5 in Dodging
  2702 | D:4      | Found an ornate altar of the Wu Jian Council.
  2709 | D:4      | Became a worshipper of the Wu Jian Council
  2901 | D:4      | You fall into a shaft and drop 2 floors!
  2905 | D:6      | Noticed a steam dragon
  2909 | D:6      | Noticed a black bear
  2912 | D:6      | Reached skill level 7 in Unarmed Combat
  2912 | D:6      | Reached XP level 7. HP: 39/52 MP: 15/15
  2917 | D:6      | Killed a steam dragon
  3141 | D:6      | Reached XP level 8. HP: 48/60 MP: 16/16
  3486 | D:6      | Found Zamen's Specific Store.
  3488 | D:6      | Found Suohiucs's General Store.
  3620 | D:6      | Bought 2 potions of heal wounds for 140 gold pieces
  3727 | D:6      | Noticed an oklob plant
  3743 | D:6      | Reached * piety under Wu Jian
  4140 | D:6      | Identified the +5 chain mail of Distant Shores {-Tele rC++}
  4728 | D:7      | Reached skill level 5 in Transmutations
  5001 | D:7      | Found a staircase to the Ecumenical Temple.
  5047 | D:7      | Reached XP level 9. HP: 48/66 MP: 7/18
  5151 | D:7      | Reached skill level 5 in Fighting
  5367 | D:7      | Reached ** piety under Wu Jian
  5488 | D:8      | Noticed Grum
  5510 | D:8      | HP: 3/102 [wolf[Grum] (5)]
  5510 | D:8      | Slain by a wolf

Illustrated notes

Levels and vault maps discovered:
D:1:      dpeg_arrival_arbitrary_c, layout_basic
D:2:      layout_loops_ring, shapermc_ecumenical_altar_petra,
          guppyfry_early_orc_mine, uniq_sigmund
D:3:      layout_loops_ring, dreamdust_princess_bridge, uniq_robin, uniq_jessica
D:4:      layout_cave_pools, nzn_wu_jian_contemplation
D:6:      lemuel_slime, layout_loops_ring, minmay_hedge_maze,
          nicolae_specific_store, hangedman_decor_points
D:7:      layout_rooms, minmay_temple_entry_trees, hangedman_decor_slide_cut,
          abandoned_shop
D:8:      layout_cave_pools, okawaru_gym_becter, hex_tiny, uniq_grum

Skill      XL: |  1  2  3  4  5  6  7  8  9 |
---------------+----------------------------+-----
Spellcasting   | 5 6 |  6.6
Invocations    | 2 3 4 |  4.7
Short Blades   | 1 2 3 4 |  4.3
Long Blades    | 1 2 3 4 |  4.3
Axes           | 1 2 3 4 |  4.3
Maces & Flails | 1 2 3 4 |  4.3
Polearms       | 1 2 3 4 |  4.3
Staves         | 1 2 3 4 |  4.3
Ranged Weapons | 1 2 3 4 |  4.3
Throwing       | 1 2 3 4 |  4.3
Armour         | 1 2 3 4 |  4.3
Stealth        | 1 2 3 4 |  4.3
Shields        | 1 2 3 4 |  4.3
Evocations     | 1 2 3 4 |  4.3
Fighting       | 3 4 5 |  5.1
Conjurations   | 1 2 3 |  3.5
Hexes          | 1 2 3 |  3.5
Summonings     | 1 2 3 |  3.5
Necromancy     | 1 2 3 |  3.5
Translocations | 1 2 3 |  3.5
Transmutations | 4 5 |  5.2
Fire Magic     | 1 2 3 |  3.5
Ice Magic      | 1 2 3 |  3.5
Air Magic      | 1 2 3 |  3.5
Earth Magic    | 1 2 3 |  3.5
Poison Magic   | 1 2 3 |  3.5
Dodging        | 5 6 |  6.3
Unarmed Combat | 7 |  7.9

Action                   |  1- 3 |  4- 6 |  7- 9 || total
-------------------------+-------+-------+-------++-------
Melee: Unarmed           |    29 |       |       ||    29
       Bite              |    12 |     6 |    48 ||    66
       Kick              |    16 |     7 |    29 ||    52
       Punch             |     1 |       |       ||     1
       Falchion          |    82 |    34 |       ||   116
       Headbutt          |     3 |     7 |    22 ||    32
       Spear             |       |    46 |   203 ||   249
       Hand axe          |       |       |    87 ||    87
 Cast: Beastly Appendage |     7 |     5 |     5 ||    17
Invok: Lunge             |       |     3 |    13 ||    16
       Whirlwind         |       |       |    30 ||    30
  Use: Scroll            |     3 |     2 |     6 ||    11
       Potion            |     1 |       |     8 ||     9
 Stab: Sleeping          |       |     5 |       ||     5
       Distracted        |       |       |     1 ||     1
Armor: Leather armour    |    28 |       |       ||    28
       Robe              |     1 |     5 |    17 ||    23
       Ring mail         |     3 |    10 |       ||    13
       Skin              |     1 |       |    21 ||    22
       Chain mail        |       |       |    99 ||    99
Dodge: Dodged            |   103 |    27 |   139 ||   269
Block: Buckler           |       |    14 |    52 ||    66

Table legend: (Time is in decaauts)
 A = Elapsed time spent in this place.
 B = Non-inter-level travel time spent in this place.
 C = Inter-level travel time spent in this place.
 D = Time resting spent in this place.
 E = Time spent auto-exploring this place.
 F = Levels seen in this place.
 G = Mean time per level.
                   A        B        C        D        E       F      G
               +--------+--------+--------+--------+--------+-----+--------+
         Total |   5538 |   4952 |    586 |    418 |   3366 |   7 |  791.1 |
       Dungeon |   5538 |   4952 |    586 |    418 |   3366 |   7 |  791.1 |
               +--------+--------+--------+--------+--------+-----+--------+

Top non-repeatable levels by time:
     D:6: 1455 daAuts
     D:2: 1181 daAuts
     D:7: 1126 daAuts
     D:3: 830 daAuts
     D:1: 621 daAuts
     D:4: 291 daAuts
     D:8: 31 daAuts
